General information
- name: BNet
- type: Ladder team game (AT/RT)
- host: Battle.net
- saver: QuitYourBltchln
map: Deadlock
- players: 8
- length: 51:21
- speed: Fast
- version: 1.24 W3XP
- replay type: Public
» download(310 KB)
Players
team 1 (winner)
QuitYourBltchln (
yellow | 113 APM | 5792 actions | 51:21)
10 Warden
3 Fan of Knives
3 Blink
3 Shadow Strike
1 Spirit of Vengeance
» actions
| Assign group hotkey | 322 | |
| Basic commands | 2 | |
| Build / train | 89 | |
| Enter build submenu | 43 | |
| Enter hero's abilities submenu | 10 | |
| Give item / drop item | 5 | |
| Right click | 4287 | |
| Select / deselect | 177 | |
| Select group hotkey | 106 | |
| Use ability | 751 | |
5792 total
» units
» upgrades
| Nature's Blessing | 1 | |
| Well Spring | 1 | |
| Ultravision | 1 | |
3 total
» buildings
| Altar of Elders | 2 | |
| Moon Well | 147 | |
| Hunter's Hall | 1 | |
| Tree of Ages | 1 | |
| Tree of Eternity | 1 | |
| Ancient Protector | 8 | |
| Ancient of Wonders | 2 | |
| Tree of Life | 7 | |
169 total
» build order
00:14 Altar of Elders
00:17 Altar of Elders
00:24 Moon Well
00:53 Moon Well
01:28 Moon Well
02:09 Moon Well
02:13 Moon Well
02:58 Hunter's Hall
03:37 Tree of Ages
03:59 Moon Well
04:01 Moon Well
06:01 Tree of Eternity
06:33 Ancient Protector
07:40 Ancient of Wonders
07:58 Tree of Life
08:30 Moon Well
08:32 Moon Well
08:34 Moon Well
08:35 Moon Well
08:36 Moon Well
08:37 Moon Well
12:04 Ancient Protector
12:05 Ancient Protector
12:05 Ancient Protector
12:05 Ancient Protector
12:06 Ancient Protector
12:07 Ancient Protector
12:08 Ancient Protector
15:11 Tree of Life
15:26 Tree of Life
17:59 Moon Well
18:00 Moon Well
18:00 Moon Well
18:01 Moon Well
18:01 Moon Well
18:02 Moon Well
18:02 Moon Well
18:03 Moon Well
18:03 Moon Well
18:04 Moon Well
18:04 Moon Well
18:05 Moon Well
18:05 Moon Well
18:06 Moon Well
18:06 Moon Well
18:06 Moon Well
18:07 Moon Well
18:08 Moon Well
18:08 Moon Well
18:08 Moon Well
18:09 Moon Well
18:09 Moon Well
18:10 Moon Well
18:10 Moon Well
18:11 Moon Well
18:11 Moon Well
18:11 Moon Well
18:13 Moon Well
18:57 Moon Well
22:53 Moon Well
22:54 Moon Well
22:54 Moon Well
22:54 Moon Well
22:55 Moon Well
22:56 Moon Well
22:56 Moon Well
22:57 Moon Well
22:57 Moon Well
22:58 Moon Well
22:58 Moon Well
22:58 Moon Well
22:59 Moon Well
23:00 Moon Well
23:00 Moon Well
23:01 Moon Well
23:01 Moon Well
23:01 Moon Well
23:02 Moon Well
23:03 Moon Well
23:03 Moon Well
23:03 Moon Well
23:04 Moon Well
23:04 Moon Well
23:05 Moon Well
23:06 Moon Well
23:06 Moon Well
23:07 Moon Well
23:07 Moon Well
23:08 Moon Well
23:09 Moon Well
26:58 Moon Well
26:58 Moon Well
26:59 Moon Well
27:00 Moon Well
27:00 Moon Well
27:00 Moon Well
27:00 Moon Well
27:01 Moon Well
27:01 Moon Well
27:01 Moon Well
27:02 Moon Well
27:02 Moon Well
27:04 Moon Well
27:04 Moon Well
27:05 Moon Well
27:05 Moon Well
27:05 Moon Well
27:06 Moon Well
27:06 Moon Well
27:07 Moon Well
27:08 Moon Well
27:08 Moon Well
27:08 Moon Well
27:09 Moon Well
27:10 Moon Well
27:11 Moon Well
27:11 Moon Well
27:12 Moon Well
27:13 Moon Well
27:14 Moon Well
27:15 Moon Well
27:15 Moon Well
27:16 Moon Well
27:16 Moon Well
27:17 Moon Well
27:17 Moon Well
27:17 Moon Well
27:17 Moon Well
27:18 Moon Well
28:24 Moon Well
28:24 Moon Well
28:25 Moon Well
28:25 Moon Well
28:25 Moon Well
28:26 Moon Well
28:26 Moon Well
28:26 Moon Well
28:27 Moon Well
28:27 Moon Well
28:27 Moon Well
28:28 Moon Well
28:28 Moon Well
28:29 Moon Well
28:29 Moon Well
31:24 Tree of Life
32:06 Tree of Life
32:16 Tree of Life
32:18 Tree of Life
33:49 Ancient of Wonders
37:14 Moon Well
37:14 Moon Well
37:14 Moon Well
37:15 Moon Well
37:15 Moon Well
37:16 Moon Well
37:16 Moon Well
37:17 Moon Well
37:18 Moon Well
37:18 Moon Well
37:18 Moon Well
37:19 Moon Well
37:19 Moon Well
37:20 Moon Well
37:20 Moon Well
» items
| Circlet of Nobility | 2 | |
| Boots of Speed | 1 | |
| Staff of Teleportation | 2 | |
| Scroll of Town Portal | 8 | |
| Orb of Venom | 2 | |
| Dust of Appearance | 2 | |
17 total

»
hossfield (
orange | 67 APM | 3427 actions | 51:20)
10 Death Knight
3 Death Coil
3 Unholy Aura
1 Animate Dead
3 Death Pact
» actions
| Assign group hotkey | 63 | |
| Build / train | 159 | |
| Enter build submenu | 25 | |
| Enter hero's abilities submenu | 10 | |
| Right click | 1794 | |
| Select / deselect | 582 | |
| Select group hotkey | 669 | |
| Use ability | 125 | |
3427 total
» units
| Acolyte | 17 | |
| Ghoul | 21 | |
| Crypt Fiend | 21 | |
| Necromancer | 21 | |
| Banshee | 14 | |
| Gargoyle | 30 | |
124 total
» upgrades
| Creature Attack | 3 | |
| Web | 1 | |
| Unholy Armor | 2 | |
| Creature Carapace | 3 | |
| Necromancer Training | 2 | |
| Skeletal Longevity | 1 | |
| Skeletal Mastery | 2 | |
| Banshee Training | 2 | |
| Ghoul Frenzy | 1 | |
17 total
» buildings
| Crypt | 3 | |
| Ziggurat | 8 | |
| Altar of Darkness | 1 | |
| Graveyard | 1 | |
| Nerubian Tower | 3 | |
| Halls of the Dead | 1 | |
| Temple of the Damned | 2 | |
| Spirit Tower | 2 | |
| Black Citadel | 1 | |
22 total
» build order
00:11 Crypt
00:14 Ziggurat
01:24 Altar of Darkness
01:30 Ziggurat
01:44 Graveyard
02:21 Nerubian Tower
03:58 Ziggurat
05:18 Halls of the Dead
05:22 Nerubian Tower
05:30 Ziggurat
05:35 Ziggurat
08:08 Temple of the Damned
08:12 Temple of the Damned
08:27 Ziggurat
08:28 Spirit Tower
08:29 Nerubian Tower
08:44 Crypt
10:20 Spirit Tower
12:31 Black Citadel
14:25 Ziggurat
14:27 Ziggurat
27:29 Crypt
NYskier15 (
red | 34 APM | 834 actions | 24:51)
8 Far Seer
3 Feral Spirit
3 Chain Lighting
1 Earth Quake
1 Far Sight
» actions
| Build / train | 52 | |
| Enter build submenu | 18 | |
| Enter hero's abilities submenu | 8 | |
| Right click | 468 | |
| Select / deselect | 239 | |
| Use ability | 49 | |
834 total
» units
| Peon | 8 | |
| Grunt | 2 | |
| Troll Headhunter/Berserker | 1 | |
| Wind Rider | 26 | |
37 total
» upgrades
| Armor | 1 | |
| Envenomed Spears | 1 | |
| Ranged Weapons | 1 | |
3 total
» buildings
| Altar of Storms | 1 | |
| Orc Burrow | 6 | |
| Barracks | 1 | |
| Stronghold | 2 | |
| War Mill | 1 | |
| Fortress | 1 | |
| Beastiary | 2 | |
| Watch Tower | 4 | |
| Great Hall | 1 | |
19 total
» build order
00:04 Altar of Storms
00:07 Orc Burrow
01:28 Barracks
02:03 Stronghold
02:04 Stronghold
02:42 Orc Burrow
03:56 War Mill
04:28 Fortress
04:37 Beastiary
05:24 Watch Tower
05:31 Watch Tower
06:24 Beastiary
07:33 Orc Burrow
07:39 Watch Tower
08:57 Orc Burrow
10:08 Watch Tower
11:42 Orc Burrow
19:44 Great Hall
21:12 Orc Burrow
joezeppy99 (
green | 9 APM | 470 actions | 51:20)
» actions
| Basic commands | 13 | |
| Build / train | 146 | |
| Enter build submenu | 35 | |
| Right click | 52 | |
| Select / deselect | 188 | |
| Use ability | 36 | |
470 total
» units
| Wisp | 38 | |
| Archer | 57 | |
| Huntress | 3 | |
| Faerie Dragon | 15 | |
| Hippogryph | 22 | |
| Mountain Giant | 1 | |
136 total
» upgrades
| Strength of the Moon | 3 | |
| Moon Armor | 1 | |
| Strength of the Wild | 1 | |
| Backpack | 1 | |
| Hardened Skin | 1 | |
7 total
» buildings
| Ancient of War | 2 | |
| Moon Well | 7 | |
| Hunter's Hall | 1 | |
| Ancient of Wonders | 1 | |
| Altar of Elders | 1 | |
| Ancient Protector | 9 | |
| Tree of Ages | 1 | |
| Ancient of Wind | 5 | |
| Tree of Life | 6 | |
| Tree of Eternity | 1 | |
| Chimaera Roost | 1 | |
| Ancient of Lore | 1 | |
36 total
» build order
00:16 Ancient of War
00:23 Moon Well
03:59 Moon Well
05:13 Moon Well
05:26 Hunter's Hall
05:34 Ancient of Wonders
05:41 Altar of Elders
06:09 Ancient of War
06:42 Ancient Protector
07:02 Ancient Protector
07:50 Tree of Ages
08:02 Moon Well
09:02 Moon Well
10:37 Ancient of Wind
13:00 Tree of Life
13:17 Tree of Eternity
16:18 Ancient Protector
16:35 Ancient Protector
16:43 Chimaera Roost
18:40 Ancient Protector
19:22 Tree of Life
19:44 Moon Well
19:52 Moon Well
20:00 Ancient of Lore
22:56 Ancient Protector
23:04 Ancient Protector
23:13 Ancient of Wind
24:39 Ancient of Wind
25:43 Ancient Protector
28:00 Ancient of Wind
28:07 Ancient of Wind
30:27 Tree of Life
34:21 Tree of Life
35:30 Ancient Protector
39:57 Tree of Life
50:24 Tree of Life
team 2 (loser)
SirKent (
teal | 23 APM | 1148 actions | 48:55)
6 Shadow Hunter
3 Serpent Ward
2 Healing Wave
1 Big Bad Voodoo
» actions
| Assign group hotkey | 48 | |
| Basic commands | 92 | |
| Build / train | 95 | |
| ESC pressed | 2 | |
| Enter build submenu | 33 | |
| Enter hero's abilities submenu | 6 | |
| Remove unit from queue | 2 | |
| Right click | 303 | |
| Select / deselect | 375 | |
| Select group hotkey | 89 | |
| Use ability | 103 | |
1148 total
» units
| Peon | 31 | |
| Grunt | 18 | |
| Troll Headhunter/Berserker | 15 | |
| Raider | 16 | |
80 total
» upgrades
| Armor | 1 | |
| Melee Weapons | 1 | |
| Ensnare | 1 | |
| Ranged Weapons | 1 | |
4 total
» buildings
| Orc Burrow | 15 | |
| Altar of Storms | 2 | |
| Barracks | 5 | |
| War Mill | 2 | |
| Stronghold | 2 | |
| Great Hall | 5 | |
| Beastiary | 3 | |
34 total
» build order
00:10 Orc Burrow
00:38 Altar of Storms
00:52 Barracks
01:58 Orc Burrow
02:15 Orc Burrow
02:33 Barracks
03:53 Orc Burrow
06:40 War Mill
07:54 Stronghold
08:52 Great Hall
16:10 Great Hall
16:21 Altar of Storms
16:26 Orc Burrow
16:40 War Mill
19:32 Great Hall
25:52 Stronghold
25:59 Orc Burrow
26:03 Orc Burrow
26:12 Orc Burrow
26:16 Orc Burrow
27:07 Orc Burrow
27:12 Orc Burrow
27:22 Orc Burrow
28:20 Beastiary
28:23 Beastiary
28:27 Beastiary
34:00 Great Hall
38:17 Barracks
38:20 Barracks
38:23 Barracks
39:48 Orc Burrow
39:51 Orc Burrow
39:53 Orc Burrow
43:23 Great Hall

»
HoratioCaine (
purple | 48 APM | 2390 actions | 49:42)
8 Death Knight
3 Death Coil
3 Unholy Aura
1 Death Pact
1 Animate Dead
» actions
| Assign group hotkey | 152 | |
| Basic commands | 91 | |
| Build / train | 94 | |
| Enter build submenu | 27 | |
| Enter hero's abilities submenu | 8 | |
| Remove unit from queue | 2 | |
| Right click | 1405 | |
| Select / deselect | 387 | |
| Select group hotkey | 152 | |
| Use ability | 72 | |
2390 total
» units
| Acolyte | 12 | |
| Ghoul | 4 | |
| Crypt Fiend | 47 | |
63 total
» upgrades
| Creature Attack | 3 | |
| Creature Carapace | 3 | |
| Web | 1 | |
| Burrow | 1 | |
8 total
» buildings
| Ziggurat | 14 | |
| Altar of Darkness | 1 | |
| Crypt | 2 | |
| Nerubian Tower | 3 | |
| Graveyard | 2 | |
| Halls of the Dead | 1 | |
| Black Citadel | 1 | |
| Spirit Tower | 7 | |
31 total
» build order
00:11 Ziggurat
00:16 Altar of Darkness
00:22 Crypt
01:03 Nerubian Tower
01:40 Ziggurat
02:18 Ziggurat
02:40 Graveyard
03:01 Graveyard
03:09 Halls of the Dead
03:57 Crypt
04:20 Ziggurat
09:04 Ziggurat
10:23 Ziggurat
10:26 Ziggurat
10:36 Black Citadel
10:40 Ziggurat
10:42 Ziggurat
12:16 Spirit Tower
12:49 Spirit Tower
12:50 Spirit Tower
13:06 Spirit Tower
13:07 Nerubian Tower
13:08 Spirit Tower
13:10 Spirit Tower
13:31 Ziggurat
14:33 Nerubian Tower
18:15 Ziggurat
18:24 Ziggurat
22:00 Ziggurat
22:02 Ziggurat
38:58 Spirit Tower

»
bannsidhe (
blue | 38 APM | 1856 actions | 48:27)
9 Keeper of the Grove
3 Entangling Roots
2 Force of Nature
3 Thorns Aura
1 Tranquility
» actions
| Assign group hotkey | 47 | |
| Basic commands | 256 | |
| Build / train | 127 | |
| ESC pressed | 2 | |
| Enter build submenu | 23 | |
| Enter hero's abilities submenu | 9 | |
| Remove unit from queue | 2 | |
| Right click | 520 | |
| Select / deselect | 503 | |
| Select group hotkey | 280 | |
| Use ability | 87 | |
1856 total
» units
| Wisp | 36 | |
| Huntress | 11 | |
| Hippogryph | 23 | |
| Chimaera | 23 | |
| Archer | 2 | |
95 total
» upgrades
| Ultravision | 1 | |
| Strength of the Wild | 3 | |
| Strength of the Moon | 1 | |
| Reinforced Hides | 3 | |
| Sentinel | 1 | |
| Well Spring | 1 | |
| Hippogryph Taming | 1 | |
| Corrosive Breath | 1 | |
| Marksmanship | 1 | |
13 total
» buildings
| Moon Well | 10 | |
| Ancient of War | 2 | |
| Altar of Elders | 1 | |
| Hunter's Hall | 1 | |
| Tree of Life | 4 | |
| Tree of Ages | 2 | |
| Ancient of Wonders | 1 | |
| Ancient of Wind | 1 | |
| Tree of Eternity | 2 | |
| Chimaera Roost | 3 | |
27 total
» build order
00:13 Moon Well
00:18 Ancient of War
00:51 Altar of Elders
02:03 Moon Well
02:11 Hunter's Hall
02:33 Ancient of War
02:52 Moon Well
02:55 Moon Well
04:53 Moon Well
04:54 Moon Well
06:31 Tree of Life
07:05 Tree of Ages
07:05 Tree of Ages
07:55 Ancient of Wonders
11:25 Ancient of Wind
11:26 Tree of Eternity
11:27 Tree of Eternity
14:31 Chimaera Roost
14:38 Chimaera Roost
14:58 Chimaera Roost
16:34 Moon Well
16:35 Moon Well
16:36 Moon Well
19:13 Moon Well
32:53 Tree of Life
40:05 Tree of Life
43:52 Tree of Life
» items
rockrampton (
pink | 61 APM | 3142 actions | 51:19)
7 Blademaster
3 Wind Walk
3 Critical Strike
1 Bladestorm
10 Tauren Chieftain
3 Endurance Aura
3 War Stomp
1 Reincarnation
3 Shockwave
» actions
| Assign group hotkey | 47 | |
| Build / train | 119 | |
| Enter build submenu | 30 | |
| Enter hero's abilities submenu | 17 | |
| Remove unit from queue | 2 | |
| Right click | 1468 | |
| Select / deselect | 623 | |
| Select group hotkey | 759 | |
| Use ability | 77 | |
3142 total
» units
| Peon | 13 | |
| Grunt | 5 | |
| Shaman | 24 | |
| Tauren | 28 | |
| Chimaera | 2 | |
| Hippogryph | 1 | |
73 total
» upgrades
| Melee Weapons | 3 | |
| Armor | 2 | |
| Spiked Barricades | 3 | |
| Shaman Training | 2 | |
| Pulverize | 1 | |
| Reinforced Defenses | 1 | |
12 total
» buildings
| Altar of Storms | 1 | |
| Orc Burrow | 9 | |
| War Mill | 3 | |
| Barracks | 1 | |
| Stronghold | 1 | |
| Watch Tower | 6 | |
| Voodoo Lounge | 1 | |
| Spirit Lodge | 1 | |
| Great Hall | 2 | |
| Fortress | 1 | |
| Tauren Totem | 2 | |
28 total
» build order
00:06 Altar of Storms
00:09 Orc Burrow
01:11 War Mill
01:19 Barracks
01:59 Orc Burrow
02:52 Orc Burrow
03:43 Stronghold
04:03 Watch Tower
04:18 Watch Tower
04:25 Watch Tower
04:36 Voodoo Lounge
05:22 Watch Tower
06:14 Spirit Lodge
07:36 Great Hall
07:55 Orc Burrow
08:51 Fortress
10:18 War Mill
10:54 Orc Burrow
11:03 Watch Tower
11:37 Tauren Totem
11:40 Tauren Totem
15:11 Orc Burrow
17:37 Orc Burrow
17:44 Watch Tower
20:32 Orc Burrow
20:38 Orc Burrow
22:36 Great Hall
28:35 War Mill
» items
| Potion of Healing | 4 | |
| Healing Salve | 1 | |
| Scroll of Healing | 1 | |
| Scroll of Protection | 1 | |
| Scroll of Town Portal | 2 | |
| Orb of Lightning | 2 | |
11 total
Chat log
(00:37 / Allies) hossfield: spiders/necro
(00:49 / All) QuitYourBltchln: I am downloading pornography
(00:55 / All) bannsidhe: gratz
(00:59 / All) bannsidhe: welcome to the internet
(01:04 / All) bannsidhe: in 1994
(01:21 / All) QuitYourBltchln: Are you downloading pornography as well?
(02:14 / Allies) joezeppy99: who else is playing night elf?
(03:02 / Allies) NYskier15: no hero
(03:03 / Allies) NYskier15: .......
(03:06 / Allies) QuitYourBltchln: lawl
(03:38 / Allies) QuitYourBltchln: you all suck
(04:22 / Allies) joezeppy99: rush him
(04:29 / Allies) joezeppy99: just hero he gots
(09:10 / Allies) NYskier15: get air units everyone
(09:15 / Allies) NYskier15: they have grunts and hunts
(09:28 / Allies) QuitYourBltchln: green will lose all his archers watch
(09:35 / Allies) NYskier15: who cARES
(09:35 / Allies) QuitYourBltchln: tp out
(09:40 / Allies) QuitYourBltchln: he feeds them
(09:41 / Allies) joezeppy99: oh well
(09:50 / Allies) QuitYourBltchln: you just fed them you retard
(10:00 / Allies) NYskier15: green just quit
(11:21 / Allies) hossfield: counter
(15:40 / Allies) hossfield: next
(15:56 / Allies) NYskier15: kill this first
(16:58 / Allies) hossfield: out
(17:18 / Allies) NYskier15: WTF
(18:19 / Allies) NYskier15: i need a mine
(18:47 / All) bannsidhe: i'
(20:30 / Allies) hossfield: shit we need aa
(20:34 / Allies) NYskier15: GREEN GO KILL UR SELF
(20:36 / Allies) NYskier15: omfg
(20:40 / Allies) QuitYourBltchln: he stole your gold mine LOL
(21:35 / Allies) hossfield: 2v4 were doin good red
(21:56 / Allies) hossfield: im gettin gargs
(21:56 / Allies) NYskier15: this is bs
(21:57 / Allies) QuitYourBltchln: dumb as fuck LOL
(22:28 / Allies) NYskier15: fuck me
(22:29 / Allies) QuitYourBltchln: take thaqt gold mine red
(22:35 / Allies) QuitYourBltchln: green give red resources
(22:38 / Allies) hossfield: im takin it
(22:40 / Allies) QuitYourBltchln: you stole all his expos
(24:06 / All) NYskier15: 2v4
(24:16 / All) QuitYourBltchln: plus feed
(24:18 / All) QuitYourBltchln: waaaaaaaaaah
(24:19 / All) QuitYourBltchln: cry
(24:36 / All) NYskier15: green go kill urself u fukcing fag
(29:17 / All) QuitYourBltchln: Green just feeds
(29:19 / All) QuitYourBltchln: what a queer
(29:31 / All) QuitYourBltchln: you didn't legitimately get those high levels
(30:09 / Allies) QuitYourBltchln: posssess the tauren
(35:27 / All) QuitYourBltchln: lucky queer
(43:03 / Allies) joezeppy99: help
(45:53 / Allies) QuitYourBltchln: no shop orange? you faggot!
(48:07 / All) QuitYourBltchln: I am the law!
(48:23 / All) bannsidhe: no, teal and pink are just both fucking mentally retarded
(48:43 / All) SirKent: you know what, hats off to you and that hero yellow
(48:43 / All) HoratioCaine: teal stole the fucking mines for his 10 units and 50 bases
(48:54 / All) QuitYourBltchln: lol
(48:55 / All) HoratioCaine: blue couldnt make chims for shit
(49:01 / All) HoratioCaine: pink did alright
(49:09 / All) hossfield: me and red were only ones who made units
(49:11 / Allies) joezeppy99: what about me?
(49:14 / All) hossfield: and u still lost!
(49:16 / Allies) QuitYourBltchln: you were the worst
(49:28 / All) HoratioCaine: its hard to win with no gold
(49:34 / All) QuitYourBltchln: I got 11k
(49:35 / All) HoratioCaine: teal stole every mine stealable
(49:52 / All) joezeppy99: lol
(51:11 / All) joezeppy99: yelow can you be my tudor?